 Dungeon Crawl Stone Soup version 0.32-a0-999-gfa1cc04b1d (webtiles) character file.

Game seed: 17641319791222245958

73 ragingrage the Ruffian (level 3, -5/28 HPs)
             Began as a Demigod Shapeshifter on Apr 24, 2024.
             Killed from afar by a white imp (11 damage)
             ... with a puff of frost
             ... on level 6 of the Dungeon.
             The game lasted 00:02:03 (1653 turns).

ragingrage the Ruffian (Demigod Shapeshifter)       Turns: 1653, Time: 00:02:03

Health: -5/28      AC:  2    Str: 19    XL:     3   Next: 83%
Magic:  5/5        EV: 11    Int: 12    God:
Gold:   91         SH:  0    Dex: 13    Spells: 0/2 levels left

rFire   . .          .
                       - Unarmed
rCold   . . .        (no shield)
rNeg    . . .        a - +0 animal skin
rPois   .            (helmet currently unavailable)
rElec   .            (cloak currently unavailable)
rCorr   .            (gloves currently unavailable)
SInv    .            (boots currently unavailable)
Will    .....        (no amulet)
Stlth   ++           (no ring)
HPRegen 0.24/turn    (no ring)
MPRegen 0.09/turn

%: no passive effects
@: beast-form
A: beast (slay +1), high MP 1, forlorn, divine attributes
a: Begin Untransformation


You were on level 6 of the Dungeon.
You were a hulking beast.
You visited 1 branch of the dungeon, and saw 4 of its levels.

You collected 91 gold pieces.

Inventory:

Hand Weapons
 i - a +2 dagger of speed
 u - a +0 long sword
Missiles
 g - 3 throwing nets (quivered)
 v - 6 poisoned darts
Armour
 a - a +0 animal skin (worn)
 h - a +0 pair of boots
 n - a +0 helmet
 p - the +0 leather armour of Philately {*Corrode +Blink rPois Will- Int+3}
   (You found it on level 2 of the Dungeon)

   Int+3:     It affects your intelligence (+3).
   rPois:     It protects you from poison.
   Will-:     It decreases your willpower.
   +Blink:    It lets you blink.
   *Corrode:  It may corrode you when you take damage.
Talismans
 c - a beast talisman (active)
 d - a flux talisman
Scrolls
 e - 2 scrolls of vulnerability {unknown}
 f - 2 scrolls of fog {unknown}
 m - a scroll of blinking {unknown}
 o - a scroll of immolation {unknown}
 s - a scroll of enchant weapon {unknown}
 t - a scroll of noise {unknown}
Potions
 b - a potion of lignification
 j - a potion of cancellation {unknown}
 k - a potion of magic {unknown}
 l - a potion of curing
 q - a potion of heal wounds {unknown}
 r - a potion of degeneration {unknown}


   Skills:
 - Level 1.2 Fighting
 - Level 2.0 Dodging
 + Level 1.9 Stealth
 + Level 3.5 Unarmed Combat
 - Level 2.8 Shapeshifting


You couldn't memorise any spells.
You knew the following spells:

 Your Spells              Type           Power      Damage    Failure   Level
a - Blink                 Tloc           0%         N/A       45%         2

Your spell library contained the following spells:

 Spells                   Type           Power      Damage    Failure   Level
 Shock                    Conj/Air       0%         1d3       32%         1
 Lesser Beckoning         Tloc           0%         N/A       45%         2
 Momentum Strike          Conj/Tloc      0%         3d8       45%         2
 Inner Flame              Hex/Fire       0%         N/A       69%         3
 Swiftness                Air            0%         N/A       69%         3
 Airstrike                Air            0%         2d(0-16)  97%         4
 Ignite Poison            Fire/Alch      0%         N/A       97%         4
 Summon Blazeheart Golem  Fire/Summ      0%         N/A       97%         4
 Malign Gateway           Summ/Tloc      0%         N/A       100%        7


Dungeon Overview and Level Annotations

Branches:
Dungeon (3/15)


Innate Abilities, Weirdness & Mutations

You are a hulking beast.
Your limbs bulge with bestial killing power. (Slay +1)
You have an increased reservoir of magic. (+10% MP)
You shall have no god before yourself.
Your divine heritage dramatically boosts your attributes as you level up.


Message History

The giant cockroach bites you but does no damage.
You barely miss the giant cockroach. The giant cockroach bites you.
The giant cockroach bites you but does no damage.
A giant cockroach is nearby!
You barely miss the giant cockroach. The giant cockroach bites you.
A giant cockroach is nearby!
You completely miss the giant cockroach.
The giant cockroach barely misses you.
A giant cockroach is nearby!
You hit the giant cockroach.
You kill the giant cockroach!
You see here a +0 hand axe.
There is a stone staircase leading down here.
A malevolent force fills the Dungeon...
You fall into a shaft and drop 3 floors!
The shaft crumbles and collapses.
You now have 91 gold pieces (gained 18).
Found a stone staircase leading down.
f - 2 scrolls labelled ZACKYNT PEMIE (gained 1)
e - 2 scrolls labelled REJE BURIORIRR (gained 1)
There is a stone staircase leading down here.
A white imp comes into view.
A white imp is nearby!
The white imp shouts!
You hear a shout! x3
An orc wizard and an orc come into view.
The orc wizard is wielding a +0 dagger and wearing a +0 robe of resistance.
The orc shouts!
You hear a shout!
An orc comes into view. It is wielding a +0 hand axe.
The white imp gestures at you. The puff of frost hits you!
There are monsters nearby!
An adder comes into view.
The white imp hits you. The white imp freezes you.
You are too injured to fight recklessly!
The white imp gestures at you. The puff of frost hits you!
* * * LOW HITPOINT WARNING * * *
The white imp gestures at you. The puff of frost hits you!
You die...

.#######.# #.# ##.# #.#
###.#. #.# #..### #.#
#.#.#. #####.# #.##.#
####...#.# #.##.#
#..>...#.####.##.#
#h##.............#
#######.#########.......
......o..$..# ###.####
......?5..#.# #.#
.#.oo........ #.#
#.#####.S...## #.# #
#.....# ..# ......# ###
##....#


You could see an orc wizard, an adder (wandering), a white imp and an orc.

Vanquished Creatures
  3 adders (D:2)
  2 dart slugs
  2 bats
  2 endoplasms
  3 giant cockroaches
  11 goblins
  5 hobgoblins
  2 quokkas
  2 ball pythons (D:2)
  2 frilled lizards (D:1)
  2 kobolds
  3 rats (D:1)
39 creatures vanquished.

Notes
Turn   | Place    | Note
-------+----------+-------------------------------------------
     0 | D:1      | ragingrage the Demigod Shapeshifter began the quest for the
                  | Orb.
     0 | D:1      | Reached XP level 1. HP: 15/15 MP: 3/3
    85 | D:1      | Reached skill level 1 in Fighting
   335 | D:1      | Reached XP level 2. HP: 21/23 MP: 4/4
   464 | D:1      | Reached skill level 3 in Unarmed Combat
   628 | D:1      | Got the Elucidation of Hot Transportation
   740 | D:2      | Reached skill level 1 in Stealth
   740 | D:2      | Reached XP level 3. HP: 18/28 MP: 5/5
  1094 | D:2      | Identified the +0 leather armour of Philately {*Corrode
                  | +Blink rPois Will- Int+3}
  1114 | D:2      | Learned a level 2 spell: Blink
  1527 | D:3      | You fall into a shaft and drop 3 floors!
  1653 | D:6      | Killed from afar by a white imp

Illustrated notes

Levels and vault maps discovered:
D:1:      lemuel_arrival_tunnels, layout_basic, minmay_split_cup_small
D:2:      kennysheep_the_goblin_king, layout_basic
D:3:      layout_loops_corners, nicolae_overflow_hidden_temple
D:6:      layout_loops_ring, tgw_kikubaaqudgha, lemuel_doored_altar,
          grunt_ministairs_12, uniq_menkaure, uniq_prince_ribbit1

Skill      XL: |  1  2 |
---------------+-------+-----
Fighting       | 1 |  1.2
Dodging        | 2 |  2.0
Unarmed Combat | 3 |  3.5
Stealth        | 1 |  1.9
Shapeshifting  | |  2.8

Action                     || total
---------------------------++-------
  Melee: Unarmed           ||   129
         Punch             ||     3
    Use: Potion            ||     1
   Stab: Sleeping          ||     4
 Armour: Animal skin       ||    64
  Dodge: Dodged            ||    67

Table legend: (Time is in decaauts)
 A = Elapsed time spent in this place.
 B = Non-inter-level travel time spent in this place.
 C = Inter-level travel time spent in this place.
 D = Time resting spent in this place.
 E = Time spent auto-exploring this place.
 F = Levels seen in this place.
 G = Mean time per level.
                   A        B        C        D        E       F      G
               +--------+--------+--------+--------+--------+-----+--------+
         Total |   1643 |   1614 |     29 |    275 |   1002 |   4 |  410.8 |
       Dungeon |   1643 |   1614 |     29 |    275 |   1002 |   4 |  410.8 |
               +--------+--------+--------+--------+--------+-----+--------+

Top non-repeatable levels by time:
     D:2: 826 daAuts
     D:1: 648 daAuts
     D:6: 125 daAuts
     D:3: 43 daAuts
